 Dungeon Crawl Stone Soup version 0.20.0-4-g10b340a (webtiles) character file.

15528 Larmestyx the Brawler (level 12, -1/122 HPs)
             Began as a Troll Monk on May 27, 2017.
             Was the Champion of Okawaru.
             Slain by a killer bee (4 damage)
             ... on level 12 of the Dungeon.
             The game lasted 01:47:23 (10987 turns).

Larmestyx the Brawler (Troll Monk)                 Turns: 10987, Time: 01:47:24

Health: -1/122     AC:  8    Str: 23    XL:     12   Next: 2%
Magic:  11/11      EV: 10    Int:  6    God:    Okawaru [******]
Gold:   711        SH: 19    Dex: 15    Spells: 11/11 levels left

rFire    . . .     SeeInvis .     - Unarmed
rCold    . . .     Gourm    +   m - +1 large shield {reflect}
rNeg     . . .     Faith    .   d - +2 robe {MR+}
rPois    .         Spirit   .   (helmet restricted)
rElec    .         Reflect  +   E - scarf {cloud immunity}
rCorr    .         Harm     .   (gloves unavailable)
MR       +....     Clarity  +   (boots unavailable)
Stlth    ++........             x - +5 amulet of reflection
Regen    0.7/turn               B - +1 ring of protection
MPRegen  0.2/turn               N - ring of flight

@: lethally poisoned (-1 -> -1)
A: unfitting armour, claws 3, hooves 1, clarity, fast metabolism 3, gourmand,
regeneration 1, robust 1, shaggy fur 1, tough skin 2
a: Heroism, Finesse, Renounce Religion, Evoke Flight


You were on level 12 of the Dungeon.
You worshipped Okawaru.
Okawaru was exalted by your worship.
You were very full.

You visited 3 branches of the dungeon, and saw 14 of its levels.

You collected 711 gold pieces.

Inventory:

Hand Weapons
 K - a +3 rapier of draining
 M - a +0 giant club
 Q - the +7 longbow "Dragonslayer" {velocity, rElec Str+2, unknown}
   (Okawaru gifted it to you on level 10 of the Dungeon)

   Any arrow fired from it inflicts extra damage.
   It affects your strength (+2).
   It insulates you from electricity.
Missiles
 f - 386 stones
 Y - 9 large rocks (quivered)
Armour
 a - a +0 robe
 d - a +2 robe of magic resistance (worn)
 m - a +1 large shield of reflection (worn)
 A - a +1 robe of magic resistance
 E - a scarf of cloud immunity (worn)
 Z - a +0 shield
Jewellery
 j - an uncursed amulet of harm
 v - an uncursed ring of ice
 x - a +5 amulet of reflection (around neck)
 z - an uncursed ring of magical power
 B - a +1 ring of protection (left claw)
 C - an uncursed amulet of rage
 N - a ring of flight (right claw)
 X - an uncursed ring of flight
Wands
 i - a wand of random effects (25/48)
 s - a wand of lightning (10/15)
 F - a wand of clouds (2/9)
 L - a wand of disintegration (9/24)
 W - a wand of polymorph (20/24)
Scrolls
 c - 5 scrolls of recharging
 e - a scroll of summoning {unknown}
 g - 2 scrolls of amnesia
 k - 4 scrolls of remove curse
 n - 2 scrolls of identify
 q - 2 scrolls of enchant weapon
 u - 4 scrolls of magic mapping
 y - 2 scrolls of teleportation
 G - a scroll of immolation
 I - 2 scrolls of vulnerability {unknown}
 R - a scroll of blinking
 U - a scroll of fog {unknown}
Potions
 h - 5 potions of curing
 o - 5 potions of flight
 r - a potion of berserk rage {unknown}
 D - a potion of brilliance
 H - a potion of lignification
 S - a potion of agility {unknown}
 T - 2 potions of haste
Miscellaneous
 P - a phantom mirror
Comestibles
 b - 11 bread rations
 l - 10 royal jellies
 t - 26 fruits
 J - 4 meat rations


   Skills:
 + Level 5.3 Fighting
 + Level 7.5 Dodging
 - Level 1.0 Stealth
 + Level 1.6 Shields
 + Level 16.0 Unarmed Combat
 + Level 0.2 Evocations


You had 11 spell levels left.
You didn't know any spells.

Dungeon Overview and Level Annotations

Branches:
Dungeon (12/15)            Temple (1/1) D:6            Lair (1/6) D:10
    Orc (0/2) D:9

Altars:
Ashenzari
Cheibriados
Dithmenos
Elyvilon
Fedhas
Gozag
Hepliaklqana
Kikubaaqudgha
Makhleb
Nemelex Xobeh
Okawaru
Qazlal
Ru
Sif Muna
Trog
Uskayaw
Vehumet
Xom
Yredelemnul
Zin
The Shining One

Shops:
D:6 [*   D:10 [

Annotations:
D:3 Feta's ghost, amateur FoHu
D:12 Kirke


Innate Abilities, Weirdness & Mutations

You are too large for most types of armour.
You have claws for hands.
Your metabolism is lightning-fast.
You like to eat raw meat.
Your natural rate of healing is unusually fast.
You are covered in fur. (AC +1)
You have very tough skin. (AC +2)
You have large cloven feet.
You possess an exceptional clarity of mind.
You are robust. (+10% HP)


Message History

You feel sick.
You feel sick.
The six-headed hydra seems to regain its courage.
Cornered, the killer bee turns to fight!
You feel sick.
Cornered, the killer bee turns to fight!
You feel sick. The six-headed hydra bites you!
* * * LOW HITPOINT WARNING * * *
The six-headed hydra bites you.
* * * LOW HITPOINT WARNING * * *
The six-headed hydra closely misses you.
You block the six-headed hydra's attack.
The six-headed hydra bites you!
* * * LOW HITPOINT WARNING * * *
The six-headed hydra bites you but does no damage.
You feel sick.
You feel sick.
You feel sick. You block the killer bee's attack. The killer bee stings you.
You die...

##.......)#.....###########..C..#
..........#............(.........
..........#......................
..........#......................
....[.....#.....<................
>.........#............).........
).######..#######D..###...#...###
.......#...#......y...#...#...#..
.[.....#...#....@y....#...#...#..
.......#..(#..........#...#...#..
.......#...#..........#.yy#######
.......#...#..........#####......
.......#####..........#...#......
.......#...#...########...#......
.......#...#...# ........)#......
.......#...#...# ........#......
.......#...#...# .......#......


You could see a six-headed hydra and 2 killer bees.

Vanquished Creatures
  2 two-headed ogres (D:10)
  Nergalle (D:10)
  An unseen horror (D:12)
  A deep elf mage (D:12)
  An ugly thing (D:11)
  A cyclops (D:11)
  Psyche (D:11)
  A centaur skeleton (D:12)
  A kobold demonologist (D:11)
  3 spiny frogs (Lair:1)
  A tengu conjurer (D:10)
  Grinder (D:6)
  Prince Ribbit (D:6)
  4 hippogriffs
  3 wyverns
  2 hogs (D:12)
  16 yaks
  A basilisk (D:11)
  A soldier ant (D:12)
  An acid dragon (D:11)
  4 water moccasins
  Duvessa (D:4)
  2 porcupines (Lair:1)
  2 orc warriors
  4 sky beasts
  3 ice beasts
  A black bear (D:10)
  A phantom (D:7)
  8 ogres
  4 centaurs
  A big kobold (D:8)
  2 crocodiles
  8 bullfrogs
  2 wyvern zombies (D:8)
  Dowan (D:4)
  2 scorpions
  7 killer bees
  3 howler monkeys
  7 wights
  4 crimson imps
  7 orc priests
  A quasit (D:5)
  A hound (D:10)
  3 jellies
  Jessica (D:2)
  3 iguanas
  11 orc wizards
  7 worker ants
  A hound zombie (D:5)
  A howler monkey skeleton (D:6)
  4 gnolls (D:5)
  9 adders
  A shadow imp (D:9)
  An adder skeleton (D:4)
  3 worms
  5 leopard geckos
  33 orcs
  7 bats
  5 giant cockroaches
  5 goblins
  3 hobgoblins (D:3)
  A quokka (D:3)
  3 frilled lizards
  A giant cockroach zombie (D:5)
  3 jackal skeletons
  13 kobolds
  A leopard gecko skeleton (D:4)
  7 rats
  A plant (D:10)
253 creatures vanquished.

Vanquished Creatures (others)
  5 plants
5 creatures vanquished.

Grand Total: 258 creatures vanquished

Notes
Turn   | Place    | Note
-------+----------+-------------------------------------------
     0 | D:1      | Larmestyx the Troll Monk began the quest for the Orb.
     0 | D:1      | Reached XP level 1. HP: 22/22 MP: 0/0
   302 | D:1      | Reached XP level 2. HP: 26/29 MP: 1/1
  1162 | D:2      | Reached XP level 3. HP: 30/36 MP: 2/2
  1334 | D:2      | Noticed Jessica
  1345 | D:2      | Killed Jessica
  1679 | D:3      | Noticed Feta's ghost (amateur FoHu)
  1722 | D:3      | Noticed a water elemental
  1724 | D:3      | Found a stormy altar of Qazlal.
  1726 | D:3      | Noticed an earth elemental
  1726 | D:3      | Noticed a fire elemental
  1726 | D:3      | Noticed an air elemental
  2070 | D:3      | Reached XP level 4. HP: 44/44 MP: 3/3
  2211 | D:3      | Noticed a centaur
  2225 | D:3      | Killed a centaur
  2225 | D:3      | Reached skill level 4 in Unarmed Combat
  2225 | D:3      | Reached XP level 5. HP: 39/53 MP: 4/4
  2610 | D:4      | Found a glowing golden altar of the Shining One.
  2679 | D:4      | Noticed Dowan
  2937 | D:4      | Reached skill level 5 in Unarmed Combat
  3028 | D:4      | Gained mutation: You are partially covered in rugged brown scales. (AC +1, +3% HP) [potion of mutation]
  3028 | D:4      | Gained mutation: Your flesh is heat resistant. (rF+) [potion of mutation]
  3029 | D:4      | Lost mutation: Your flesh is heat resistant. (rF+) [potion of mutation]
  3029 | D:4      | Gained mutation: You are resistant to hostile enchantments. (MR+) [potion of mutation]
  3029 | D:4      | Gained mutation: Your flesh is cold resistant. (rC+) [potion of mutation]
  3030 | D:4      | Lost mutation: You are resistant to hostile enchantments. (MR+) [potion of mutation]
  3030 | D:4      | Lost mutation: Your flesh is cold resistant. (rC+) [potion of mutation]
  3030 | D:4      | Lost mutation: You are partially covered in rugged brown scales. (AC +1, +3% HP) [potion of mutation]
  3030 | D:4      | Gained mutation: You possess an exceptional clarity of mind. [potion of mutation]
  3030 | D:4      | Gained mutation: You have large cloven feet. [potion of mutation]
  3030 | D:4      | Gained mutation: You are robust. (+10% HP) [potion of mutation]
  3190 | D:4      | Noticed Duvessa
  3198 | D:4      | Killed Duvessa
  3198 | D:4      | Reached XP level 6. HP: 67/67 MP: 5/5
  3201 | D:4      | Killed Dowan
  3201 | D:4      | Reached skill level 6 in Unarmed Combat
  3421 | D:5      | Entered Level 5 of the Dungeon
  3613 | D:5      | Reached XP level 7. HP: 73/73 MP: 6/6
  3877 | D:5      | Reached skill level 7 in Unarmed Combat
  4341 | D:6      | Noticed Prince Ribbit
  4352 | D:6      | Reached skill level 8 in Unarmed Combat
  4352 | D:6      | Reached XP level 8. HP: 80/82 MP: 7/7
  4375 | D:6      | Found a staircase to the Ecumenical Temple.
  4428 | Temple   | Entered the Ecumenical Temple
  4537 | Temple   | Became a worshipper of Warmaster Okawaru
  4537 | Temple   | Reached * piety under Okawaru
  4537 | Temple   | Reached ** piety under Okawaru
  4843 | D:6      | Found Ehokibar's Armour Boutique.
  4970 | D:6      | Killed Prince Ribbit
  4970 | D:6      | Reached skill level 5 in Dodging
  4993 | D:6      | Found Unwamara's Assorted Antiques.
  5063 | D:6      | Noticed Grinder
  5079 | D:6      | Killed Grinder
  5079 | D:6      | Reached skill level 9 in Unarmed Combat
  5210 | D:7      | Reached *** piety under Okawaru
  5441 | D:7      | Reached skill level 10 in Unarmed Combat
  5441 | D:7      | Reached XP level 9. HP: 92/92 MP: 8/8
  5537 | D:7      | Found a bloodstained altar of Trog.
  5629 | D:7      | You fall through a shaft for 3 floors!
  5629 | D:10     | Entered Level 10 of the Dungeon
  5658 | D:10     | Reached **** piety under Okawaru
  5670 | D:10     | Noticed Nergalle
  5677 | D:10     | Killed Nergalle
  5677 | D:10     | Reached skill level 11 in Unarmed Combat
  5726 | D:10     | Found a staircase to the Lair.
  5866 | D:10     | Found Unga's Armour Shoppe.
  5976 | D:10     | Noticed a tengu conjurer
  5980 | D:10     | Killed a tengu conjurer
  5980 | D:10     | Reached ***** piety under Okawaru
  5980 | D:10     | Reached skill level 12 in Unarmed Combat
  6163 | D:10     | Reached XP level 10. HP: 102/102 MP: 9/9
  6262 | D:10     | Noticed a six-headed hydra
  6297 | D:9      | Noticed a two-headed ogre
  6337 | D:10     | Killed a two-headed ogre
  6489 | D:10     | Reached skill level 13 in Unarmed Combat
  6814 | D:9      | Found a staircase to the Orcish Mines.
  6934 | D:9      | Found a deep blue altar of Sif Muna.
  6934 | D:9      | Found an opulent altar of Gozag.
  7054 | D:9      | Received a gift from Okawaru
  7853 | D:8      | Reached skill level 14 in Unarmed Combat
  8256 | D:11     | Noticed a cyclops
  8257 | D:11     | Noticed a two-headed ogre
  8264 | D:11     | Noticed Psyche
  8279 | D:10     | Reached XP level 11. HP: 85/111 MP: 10/10
  8318 | D:10     | Killed a two-headed ogre
  8318 | D:10     | Received a gift from Okawaru
  8325 | D:10     | Got a smoking longbow {god gift}
  8640 | D:11     | Noticed a purple ugly thing
  8763 | D:11     | Killed Psyche
  8856 | D:11     | Killed a purple ugly thing
  8856 | D:11     | Reached skill level 15 in Unarmed Combat
  9109 | D:11     | Received a gift from Okawaru
  9135 | D:12     | Noticed Kirke
  9201 | Lair:1   | Entered Level 1 of the Lair of Beasts
  9431 | Lair:1   | Reached ****** piety under Okawaru
  9606 | Lair:1   | Noticed a five-headed hydra
  9911 | Lair:1   | Noticed a seven-headed hydra
 10042 | D:10     | Received a gift from Okawaru
 10232 | D:10     | Reached skill level 5 in Fighting
 10351 | D:12     | Reached skill level 1 in Shields
 10425 | D:12     | Noticed a deep elf mage
 10437 | D:12     | Killed a deep elf mage
 10437 | D:12     | Received a gift from Okawaru
 10563 | D:12     | Identified a scroll of acquirement
 10616 | D:12     | Killed an unseen horror
 10827 | D:12     | Reached skill level 16 in Unarmed Combat
 10827 | D:12     | Reached XP level 12. HP: 122/122 MP: 11/11
 10928 | D:11     | Noticed an eight-headed hydra
 10983 | D:12     | HP: 4/122 [six-headed hydra (11)]
 10987 | D:12     | Slain by a killer bee

Skill      XL: |  1  2  3  4  5  6  7  8  9 10 11 |
---------------+----------------------------------+-----
Dodging        | 3 4 5 6 7 |  7.5
Fighting       | 3 4 5 |  5.3
Unarmed Combat | 4 5 6 8 10 12 14 16 | 16.0
Shields        | 1 |  1.6
Stealth        | |  1.0
Evocations     | |  0.2

Action                   |  1- 3 |  4- 6 |  7- 9 | 10-12 || total
-------------------------+-------+-------+-------+-------++-------
Melee: Unarmed           |    88 |    97 |   224 |   410 ||   819
       Punch             |     1 |       |     6 |    21 ||    28
       Kick              |       |    14 |    64 |   123 ||   201
Throw: Stone             |       |       |       |     1 ||     1
       Large rock        |       |       |       |     1 ||     1
Evoke: Wand              |       |       |     1 |     1 ||     2
  Use: Potion            |       |    12 |       |       ||    12
       Scroll            |       |     9 |     5 |     9 ||    23
 Stab: Sleeping          |     3 |     4 |     2 |     2 ||    11
       Distracted        |       |       |       |     1 ||     1
  Eat: Chunk             |    21 |    17 |    23 |    42 ||   103
       Fruit             |       |       |       |     1 ||     1
Armor: Robe              |    27 |    14 |    52 |    87 ||   180
Dodge: Dodged            |    32 |    38 |    94 |   197 ||   361
Block: Other             |       |    13 |    39 |    58 ||   110
       Reflection        |       |       |     1 |     6 ||     7
       Shield            |       |       |       |    58 ||    58
       Large shield      |       |       |       |    44 ||    44
